 Dungeon Crawl Stone Soup version 0.18.1-8-gdd0e5ea (webtiles) character file.

883 M4edhros the Ruffian (level 7, -1/52 HPs)
             Began as a Mummy Artificer on June 2, 2016.
             Was a Priest of Cheibriados.
             Slain by a mummy (5 damage)
             ... in an ossuary.
             The game lasted 00:09:04 (6838 turns).

M4edhros the Ruffian (Mummy Artificer)              Turns: 6838, Time: 00:09:05

Health: -1/52      AC:  7    Str: 26    XL:     7   Next: 76%
Magic:  0/18       EV: 14    Int: 20    God:    Cheibriados [***...]
Gold:   135        SH:  0    Dex: 20    Spells: 0 memorised, 6 levels left

rFire  x . .     SeeInvis .     y - -2 short sword (curse)
rCold  + + .     Gourm    .     q - +2 robe {rC+}
rNeg   + + +     Faith    .     (no shield)
rPois  ∞         Spirit   +     s - +1 helmet
rElec  .         Dismiss  .     (no cloak)
rCorr  .         Reflect  .     o - +0 pair of gloves
SustAt .         Harm     .     (no boots)
MR     .....                    r - amulet of guardian spirit
Stlth  ++........               x - +5 ring of strength
                                m - ring of magical power

@: marked, very slow, not resistant to hostile enchantments, unstealthy
A: no food or potions, fire vulnerability, cold resistance 1, negative energy
resistance 3, torment resistance, unbreathing
a: Bend Time, Temporal Distortion, Renounce Religion


You were in an ossuary.
You worshipped Cheibriados.
Cheibriados was most pleased with you.
You were not hungry.

You visited 1 branch of the dungeon, and saw 5 of its levels.
You also visited: Ossuary.

You collected 135 gold pieces.

Inventory:

Hand Weapons
 a - a +0 short sword
 l - a +1 dagger of draining
 v - a +1 hunting sling
 y - a cursed -2 short sword (weapon)
 z - a +1 dagger of venom
Missiles
 f - 8 javelins (quivered)
 t - 78 stones
 u - 10 sling bullets
Armour
 b - a +0 leather armour
 j - a +0 helmet
 o - a +0 pair of gloves (worn)
 q - a +2 robe of cold resistance (worn)
 s - a +1 helmet (worn)
Jewellery
 m - a ring of magical power (left hand)
 r - an amulet of guardian spirit (around neck)
 x - a +5 ring of strength (right hand)
Wands
 c - a wand of flame (0/48)
 d - a wand of enslavement (4/24)
 e - a wand of random effects (15/48)
 g - a wand of flame (28/48)
 n - a wand of disintegration (0/24)
Scrolls
 i - 3 scrolls of noise
 k - 2 scrolls of fear


   Skills:
 - Level 3.1 Fighting
 - Level 0.7 Short Blades
 * Level 3.6 Slings
 - Level 2.7 Dodging
 - Level 0.7 Stealth
 * Level 4.5 Unarmed Combat
 - Level 3.2 Evocations


You had 6 spell levels left.
You didn't know any spells.

Dungeon Overview and Level Annotations

Branches:
Dungeon (5/15)
 Temple: D:4-7

Altars:
Cheibriados
Dithmenos
Fedhas
Trog
Xom
Yredelemnul
The Shining One


Innate Abilities, Weirdness & Mutations

You do not eat or drink.
Your flesh is vulnerable to fire.
You are immune to poison.
Your flesh is cold resistant.
You are immune to negative energy.
You are immune to unholy pain and torment.
You can survive without breathing.


Message History

Zapping:
d - a wand of enslavement (7/24)
Press: ? - help, Shift-Dir - straight line, f/p - mummy
Aim: a mummy (chance to defeat MR: 52%)
The mummy resists with significant effort.
This wand has 6 charges left.
The mummy hits you.
* * * LOW HITPOINT WARNING * * *
Evoke which item? (* to show all) (? for menu, Esc to quit)
Zapping:
d - a wand of enslavement (6/24)
Press: ? - help, Shift-Dir - straight line, f/p - mummy
Aim: a mummy (chance to defeat MR: 52%)
The mummy resists with significant effort.
This wand has 5 charges left.
The mummy barely misses you. The mummy hits you!
* * * LOW HITPOINT WARNING * * *
The mummy closely misses you.
Evoke which item? (* to show all) (? for menu, Esc to quit)
Zapping:
d - a wand of enslavement (5/24)
Press: ? - help, Shift-Dir - straight line, f/p - mummy
Aim: a mummy (chance to defeat MR: 52%)
The mummy is charmed.
This wand has 4 charges left.
The mummy hits you.
You die...

#.....###
+.....'.#
#.....###
+.^...+
#...^.#
+...^.+
###.^^..###
#?.......!#
#!...@...?#
#!..MMM..!#
#?.......?#
##.......##
#.......#
###...###
##∩## ###


You could see 2 mummies and a friendly mummy.

Vanquished Creatures
  A phantom (D:5)
  An ogre (D:5)
  A centaur (D:5)
  A scorpion (D:4)
  A howler monkey (D:4)
  A crimson imp (D:5)
  An orc priest (D:4)
  2 hounds
  Jessica (D:3)
  Ijyb (D:3)
  2 worker ants (D:4)
  2 big kobold zombies (Ossuary)
  2 hound skeletons (D:4)
  2 mummies (Ossuary)
  A howler monkey zombie (D:5)
  11 adders
  2 oozes
  An adder skeleton (D:4)
  3 worms
  3 dart slugs
  4 giant geckos
  4 orcs (D:4)
  A ball python (D:2)
  4 giant cockroaches
  2 gnoll zombies (D:3)
  12 hobgoblins
  9 jackals
  6 kobolds
  2 quokkas
  5 bats
  7 giant newts
  8 goblins
  A quokka skeleton (D:4)
  10 rats
115 creatures vanquished.

Vanquished Creatures (collateral kills)
  A mummy (Ossuary)
  A jackal (D:3)
2 creatures vanquished.

Grand Total: 117 creatures vanquished

Notes
Turn   | Place    | Note
--------------------------------------------------------------
     0 | D:1      | M4edhros the Mummy Artificer began the quest for the Orb.
     0 | D:1      | Reached XP level 1. HP: 15/15 MP: 2/2
   347 | D:1      | Reached XP level 2. HP: 15/21 MP: 3/3
   785 | D:1      | Reached XP level 3. HP: 22/27 MP: 5/5
  1341 | D:2      | Found a snail-covered altar of Cheibriados.
  1353 | D:2      | Became a worshipper of Cheibriados the Contemplative
  1424 | D:2      | HP: 1/27 [adder (5)]
  1727 | D:2      | Found a shadowy altar of Dithmenos.
  1774 | D:2      | Reached XP level 4. HP: 33/33 MP: 6/6
  2246 | D:2      | Reached * piety under Cheibriados
  2246 | D:2      | Reached skill level 1 in Unarmed Combat
  2800 | D:3      | Noticed Ijyb
  3192 | D:3      | Killed Ijyb
  3192 | D:3      | Reached XP level 5. HP: 31/39 MP: 7/7
  3725 | D:3      | Noticed Jessica
  3738 | D:3      | Killed Jessica
  3862 | D:3      | Reached skill level 2 in Unarmed Combat
  4056 | D:3      | Reached ** piety under Cheibriados
  4072 | D:3      | Found a basalt altar of Yredelemnul.
  4364 | D:3      | Found a blossoming altar of Fedhas.
  4766 | D:4      | Reached XP level 6. HP: 36/47 MP: 8/8
  4791 | D:4      | Found a glowing golden altar of the Shining One.
  4855 | D:4      | Reached skill level 1 in Slings
  5603 | D:4      | Reached skill level 3 in Unarmed Combat
  5828 | D:4      | Found a shimmering altar of Xom.
  5927 | D:4      | Noticed a moth of wrath
  5930 | D:4      | Found a bloodstained altar of Trog.
  5939 | D:4      | Reached *** piety under Cheibriados
  6214 | D:5      | Entered Level 5 of the Dungeon
  6271 | D:5      | Reached XP level 7. HP: 27/52 MP: 9/9
  6376 | D:5      | Reached skill level 4 in Unarmed Combat
  6500 | D:5      | Found a sand-covered staircase.
  6509 | Ossuary  | Entered an ossuary
  6838 | Ossuary  | Slain by a mummy

Skill      XL: |  1  2  3  4  5  6  7 |
---------------+----------------------+-----
Dodging        | 2 |  2.7
Evocations     | 3 |  3.2
Fighting       | 2 3 |  3.1
Unarmed Combat | 1 2 3 4 |  4.5
Slings         | 2 3 |  3.6
Short Blades   | |  0.7
Stealth        | |  0.7

Action                   |  1- 3 |  4- 6 |  7- 9 || total
-------------------------+-------+-------+-------++-------
Melee: Short sword       |   136 |   270 |   115 ||   521
       Punch             |       |     4 |    10 ||    14
       Dagger            |       |    54 |       ||    54
       Unarmed           |       |    39 |       ||    39
 Fire: Hunting sling     |       |    66 |       ||    66
Evoke: Wand              |    10 |    11 |    13 ||    34
  Use: Scroll            |       |    10 |       ||    10
 Stab: Sleeping          |     2 |     2 |       ||     4
       Distracted        |       |     1 |       ||     1
Armor: Leather armour    |    32 |    74 |       ||   106
       Robe              |       |    60 |    50 ||   110
Dodge: Dodged            |    92 |   301 |   103 ||   496
